 Dungeon Crawl Stone Soup version 0.30-a0-360-g447f08457e (webtiles) character file.

Game seed: 5695375046627884665

33956 croobank the Spry (level 13, -5/66 HPs)
             Began as a Felid Summoner on Nov 13, 2022.
             Was an Initiate of Gozag.
             Hit by a large rock thrown by a cyclops (52 damage)
             ... on level 13 of the Dungeon on Nov 14, 2022.
             The game lasted 02:36:26 (31237 turns).

croobank the Spry (Felid Summoner)                 Turns: 31237, Time: 02:36:26

Health: -5/66      AC:  3    Str:  4    XL:     13   Next: 39%
Magic:  8/28       EV: 30    Int: 20    God:    Gozag
Gold:   5470       SH:  0    Dex: 18    Spells: 3/33 levels left
                                        Lives:  0   Deaths: 2

rFire   x . .      SeeInvis +    (weapon unavailable)
rCold   + + .      Faith    .    (shield unavailable)
rNeg    . . .      Spirit   .    (body armour unavailable)
rPois   .          Reflect  .    (helmet unavailable)
rElec   .          Harm     .    (cloak unavailable)
rCorr   .          Rampage  .    (gloves unavailable)
Will    ++...                    (boots unavailable)
Stlth   +++.......               (no amulet)
HPRegen 0.31/turn                E - ring of willpower
MPRegen 0.21/turn                y - ring of ice

@: forested, gold aura, studying Hexes, quick
A: very small, claws 1, fangs 3, see invisible, speed 1, shaggy fur 3, stealthy
paws, no weapons or thrown items, no armour, multi-lived
a: Renounce Religion, Potion Petition, Call Merchant, Bribe Branch


You were on level 13 of the Dungeon.
You worshipped Gozag.
Gozag was greatly pleased with you.
You visited 4 branches of the dungeon, and saw 21 of its levels.

You collected 5859 gold pieces.
You spent 35 gold pieces at shops.
You paid 354 gold pieces to Gozag.

Inventory:

Jewellery
 a - an amulet of the acrobat
 h - a ring of fire
 k - a ring of resist corrosion
 y - a ring of ice (right paw)
 E - a ring of willpower (left paw)
 F - a ring of willpower
 J - a +4 ring of slaying
 K - a +4 ring of protection
Wands
 i - a wand of mindburst (38)
 l - a wand of acid (16)
 p - a wand of digging (7)
 q - a wand of polymorph (6)
 r - a wand of roots (27)
 B - a wand of paralysis (17)
 G - a wand of flame (9)
Scrolls
 b - 2 scrolls of poison
 c - 4 scrolls of identify
 j - 6 scrolls of fog
 m - 2 scrolls of magic mapping
 s - a scroll of silence
 t - 6 scrolls of teleportation
 u - a scroll of amnesia
 v - 2 scrolls of vulnerability
 z - 2 scrolls of fear
 C - a scroll of immolation
 D - 2 scrolls of blinking
Potions
 d - a potion of might
 e - 6 potions of curing
 f - a potion of cancellation
 g - 9 potions of brilliance
 n - 3 potions of haste
 o - 5 potions of flight
 w - 2 potions of heal wounds
 x - 2 potions of ambrosia
 I - 2 potions of degeneration
 L - a potion of mutation
 M - a potion of attraction
 N - a potion of lignification {unknown}
Miscellaneous
 A - a condenser vane
 H - a lightning rod (4/4)


   Skills:
 + Level 13.0 Fighting
 + Level 16.9 Dodging
 - Level 4.0 Stealth
 + Level 10.7 Spellcasting
 - Level 8.0 Hexes
 + Level 10.8 Summonings
 - Level 6.6 Translocations
 + Level 0.2 Transmutations
 - Level 5.0 Ice Magic
 + Level 8.0 Air Magic


You had 3 spell levels left.
You knew the following spells:

 Your Spells              Type           Power      Damage    Failure   Level
a - Summon Small Mammal   Summ           100%       N/A       1%          1
b - Call Imp              Summ           52%        N/A       1%          2
c - Call Canine Familiar  Summ           52%        N/A       1%          3
d - Summon Guardian Gole  Hex/Summ       48%        N/A       1%          3
e - Summon Lightning Spi  Summ/Air       48%        N/A       1%          4
f - Summon Mana Viper     Hex/Summ       48%        N/A       3%          5
g - Summon Ice Beast      Ice/Summ       59%        N/A       2%          4
h - Summon Forest         Summ/Tloc      22%        N/A       4%          5
i - Apportation           Tloc           74%        N/A       1%          1
j - Blink                 Tloc           74%        N/A       1%          2

Your spell library contained the following spells:

 Spells                   Type           Power      Damage    Failure   Level
 Poisonous Vapours        Pois/Air       52%        N/A       1%          2
 Gell's Gravitas          Tloc           37%        N/A       1%          3
 Lesser Beckoning         Tloc           74%        N/A       1%          3
 Vhi's Electric Charge    Tloc/Air       80%        N/A       1%          3
 Momentum Strike          Conj/Tloc      48%        3d9       2%          2
 Frozen Ramparts          Ice            92%        1d14      2%          3
 Necrotise                Necr           40%        1d6       6%          1
 Manifold Assault         Tloc           37%        N/A       4%          4
 Anguish                  Hex/Necr       13%        N/A       12%         4
 Ice Form                 Ice/Tmut       31%        N/A       22%         4
 Dispersal                Tloc           18%        N/A       54%         6
 Monstrous Menagerie      Summ           26%        N/A       54%         7
 Summon Hydra             Summ           26%        N/A       54%         7
 Enfeeble                 Hex            21%        N/A       90%         7
 Eringya's Noxious Bog    Tmut/Pois      5%         N/A       100%        6
 Storm Form               Tmut/Air       13%        N/A       100%        7


Dungeon Overview and Level Annotations

Branches:
Dungeon (13/15)            Temple (1/1) D:4            Lair (5/5) D:10
 Shoals (0/4) Lair:3        Snake (0/4) Lair:3        Slime (0/5) Lair:4
    Orc (2/2) D:9             Elf (0/3) Orc:2
 Vaults: D:13-14

Altars:
Dithmenos
Gozag
Okawaru
Ru
Sif Muna
Vehumet
The Shining One

Shops:
D:4 =*((

Annotations:
Lair:2 3 runed translucent doors, Puis's ghost, journeyman DgIE
Orc:1 Harold; Lobster4's ghost, journeyman TrMo; Nergalle


Innate Abilities, Weirdness & Mutations

You have sharp claws.
You have razor-sharp teeth.
You have supernaturally acute eyesight. (SInv)
You cover ground quickly. (Speed+)
Your thick and shaggy fur keeps you warm. (AC +3, rC+)
Your paws help you pounce on unaware monsters.
You are incapable of wielding weapons or throwing items.
You cannot wear armour.
You gain extra lives every three experience levels.


Message History

An electric hum fills the air.
Casting: Summon Lightning Spire (dangerous; 1% risk of failure)
Confirm with . or Enter, or press ? or * to list all spells.
You feel a surge of power! A chill wind blows around you.
The catoblepas gores your mana viper!!
You hear a shout!
Your mana viper bites the catoblepas but does no damage.
Your lightning spire cannot move out of your way!
Your mana viper bites the catoblepas.
The catoblepas breathes a plume of calcifying dust at you.
The blast of calcifying dust hits you!
Your mana viper bites the catoblepas!
Casting: Summon Ice Beast (dangerous; 2% risk of failure)
Confirm with . or Enter, or press ? or * to list all spells.
Splash!
You fall into the shallow water.
Moving in this stuff is going to be slow.
A forested plane collides here with a resounding crunch!
Your dryad calls out to the forest.
The forest starts to sway and rumble!
You are engulfed in calcifying dust.
You hear two shouts!
A cyclops comes into view.
Your mana viper bites the catoblepas!
The catoblepas breathes a plume of calcifying dust at you.
The blast of calcifying dust hits you!
Trunks creak and shift.
A tree reaches out and hits the cyclops!
A root smacks the cyclops from below!
Your mana viper bites the catoblepas.
Your ice beast hits the catoblepas.
Your ice beast freezes the catoblepas!
The catoblepas gores your ice beast!!
Your mana viper bites the catoblepas!!
Your ice beast hits the catoblepas.
Your ice beast freezes the catoblepas!
The catoblepas dies!
Casting: Summon Forest (dangerous; 4% risk of failure)
Confirm with . or Enter, or press ? or * to list all spells.
A tree reaches out and hits the cyclops!
The cyclops throws a large rock.
The large rock barely misses your ice beast.
The large rock hits you!!!
Ouch! That really hurt!
You die...
Your body crumbles into a pile of gold.

.....###.......##
#..####...##
#...####...####.##
#..##...##.#
#..###.....# ##.##
#.....####.#
#..........♣
##.♣♣....### ###
.###..##....♣
#......##
###.#####...>#
♣♣......# #.
#.....##..h....#
#.
##.##.§8......♣.#
#.
♣.....R@.#......
##
#..#~.§Y~##.....
....~≈≈$~# .....
#....~≈≈~S# .....
.♣##.~..~~♣ .###
#.#......
♣#.#♣.C... ♣.
##.♣#..


You could see a cyclops (ally target), a friendly dryad (summoned), a friendly
mana viper (summoned), a friendly ice beast (summoned), a friendly wolf
(summoned) and a friendly lightning spire (summoned).

Vanquished Creatures
  Fannar (D:10)
  Sonja (D:10)
  The ghost of mewnfare the Sneak, a novice NaTm of Ru (D:7)
  A wraith (D:12)
  A yak (Lair:2)
  A boggart (Lair:5)
  A wolf (D:8)
  A centaur (D:10)
  6 kobold brigands (D:7)
  A bullfrog (D:8)
  A killer bee (D:9)
  An electric eel (Lair:4)
  A nameless horror (D:4)
  A worm (D:2)
  3 orcs
  2 ball pythons
  A giant cockroach (D:1)
  A bat (D:1)
  A kobold (D:3)
  A rat (D:2)
28 creatures vanquished.

Vanquished Creatures (collateral kills)
  Jorgrun (D:13)
  Gastronok (D:11)
  A dire elephant (Lair:5)
  An ettin (D:12)
  A crystal guardian (D:12)
  An ice dragon (D:12)
  A hydra (Lair:2)
  A centaur warrior (D:12)
  3 catoblepae
  3 two-headed ogres
  A tengu warrior (D:13)
  A deep troll shaman (Lair:5)
  2 boulder beetles
  7 death yaks
  Urug (D:11)
  4 lindwurms (Lair:4)
  A wolf spider zombie (D:12)
  2 deep elf pyromancers (D:12)
  3 ugly things
  3 manticores
  13 elephants
  6 centaur zombies (D:12)
  Maurice (D:13)
  Maggie (D:8)
  2 gargoyles
  6 cane toads
  An unseen horror (D:10)
  3 rime drakes
  2 komodo dragons (Lair:3)
  A meliai (D:12)
  4 trolls
  2 polar bears
  3 hornets
  2 meliai zombies (D:12)
  4 wyverns
  6 wraiths
  3 vampires (D:12)
  5 basilisks
  30 yaks
  Grum (D:8)
  2 steam dragons
  A warg (Orc:1)
  An acid dragon (D:12)
  2 nagas (Lair:3)
  16 water moccasins
  7 orc warriors
  An ice beast (D:6)
  An ogre (Orc:1)
  A black bear (D:10)
  21 wolves
  A centaur (D:7)
  3 boggarts (Lair:5)
  A phantom (D:4)
  A nameless horror (D:9)
  6 kobold brigands
  15 bullfrogs
  7 necrophages
  8 killer bees
  5 howler monkeys
  9 orc priests
  2 hounds (D:5)
  13 orc wizards
  Terence (D:2)
  2 boggart zombies (D:12)
  An iguana (D:4)
  3 adders
  A shadow imp (D:6)
  A white imp (D:5)
  An ufetubus (D:4)
  4 worms
  4 dart slugs
  38 orcs
  5 ball pythons
  2 bats
  3 endoplasms
  2 giant cockroaches
  2 goblins (D:3)
  6 hobgoblins
  3 jackals (D:1)
  9 kobolds
  3 rats
350 creatures vanquished.

Vanquished Creatures (others)
  A hydra (Lair:5)
  A boulder beetle (D:12)
  5 death yaks
  2 two-headed ogres
  An elephant (Lair:5)
  A gargoyle (D:10)
  6 cane toads
  A komodo dragon (Lair:5)
  A polar bear (Lair:5)
  2 hornets (Lair:1)
  Grinder (D:5)
  A troll (D:9)
  A wraith (D:10)
  15 yaks
  2 wyverns
  2 steam dragons (D:7)
  Duvessa (D:6)
  An orc warrior (D:10)
  A water moccasin (Lair:5)
  4 ice beasts
  2 black bears
  2 ogres (D:6)
  A wolf (Lair:5)
  A centaur (D:8)
  A bullfrog (Lair:1)
  A necrophage (D:6)
  3 wights (D:10)
  Dowan (D:6)
  5 killer bees (D:9)
  An electric eel (D:7)
  A howler monkey (D:10)
  A hound (D:5)
  A jelly (D:6)
  2 orc wizards (D:10)
  An adder (D:6)
  2 shadow imps
  A white imp (D:6)
  2 orcs (D:8)
  2 kobolds (D:9)
  A bush (Lair:4)
  18 fungi
  41 plants
  4 snaplasher vines
  A withered plant (D:12)
146 creatures vanquished.

Grand Total: 524 creatures vanquished

Notes
Turn   | Place    | Note
-------+----------+-------------------------------------------
     0 | D:1      | croobank the Felid Summoner began the quest for the Orb.
     0 | D:1      | Reached XP level 1. HP: 7/7 MP: 4/4
   314 | D:1      | Reached skill level 3 in Dodging
   314 | D:1      | Reached XP level 2. HP: 11/11 MP: 1/6
   318 | D:1      | Learned a level 2 spell: Call Imp
   951 | D:1      | Found a faded altar of an unknown god.
  1172 | D:2      | Reached XP level 3. HP: 7/14 MP: 0/7
  1176 | D:2      | Learned a level 3 spell: Call Canine Familiar
  1622 | D:2      | Noticed Terence
  2745 | D:3      | Found a shadowy altar of Dithmenos.
  2746 | D:3      | Found a shimmering blue altar of Sif Muna.
  2860 | D:3      | Reached XP level 4. HP: 18/18 MP: 0/8
  2927 | D:3      | Found an iron altar of Okawaru.
  3253 | D:4      | Found Qielor's Antique Weapon Emporium.
  3382 | D:4      | Noticed a necrophage
  3400 | D:4      | Killed a necrophage
  3401 | D:4      | Reached skill level 1 in Fighting
  3401 | D:4      | Reached skill level 1 in Hexes
  3401 | D:4      | Reached XP level 5. HP: 22/22 MP: 4/10
  3405 | D:4      | Learned a level 3 spell: Summon Guardian Golem
  3487 | D:4      | Found Qyg Ehug's Jewellery Shoppe.
  3520 | D:4      | Reached skill level 4 in Dodging
  3602 | D:4      | Found Inlypp's Assorted Antiques.
  3680 | D:4      | Bought a scroll labelled LAANKOSERPH for 35 gold pieces
  4180 | D:4      | Found Xocijuca's Weapon Shop.
  4180 | D:4      | Noticed a phantom
  4313 | D:2      | Killed Terence
  4314 | D:2      | Gained mutation: You are covered in thick fur. (AC +2)
                  | [Felid growth]
  4314 | D:2      | Reached XP level 6. HP: 24/26 MP: 2/11
  4623 | D:4      | Found a staircase to the Ecumenical Temple.
  4633 | Temple   | Entered the Ecumenical Temple
  4663 | Temple   | Became a worshipper of Gozag Ym Sagoz the Greedy
  4739 | D:4      | Reached skill level 5 in Summonings
  5059 | D:5      | Entered Level 5 of the Dungeon
  5218 | D:5      | Noticed an ice beast
  5242 | D:5      | Killed an ice beast
  5245 | D:5      | Noticed an ice beast
  5254 | D:5      | Noticed Grinder
  5255 | D:5      | Reached skill level 5 in Dodging
  5262 | D:5      | Killed an ice beast
  5263 | D:5      | Reached XP level 7. HP: 30/30 MP: 5/13
  5276 | D:5      | Killed Grinder
  5711 | D:5      | You fall into a shaft and drop 1 floor!
  5765 | D:6      | Reached skill level 6 in Dodging
  5765 | D:6      | Reached skill level 5 in Hexes
  5765 | D:6      | Reached XP level 8. HP: 34/34 MP: 2/15
  7051 | D:7      | Noticed Duvessa
  7051 | D:7      | Noticed Dowan
  7075 | D:6      | Killed Duvessa
  7186 | D:7      | Reached skill level 7 in Dodging
  7186 | D:7      | Reached skill level 5 in Spellcasting
  7192 | D:6      | Killed Dowan
  7455 | D:7      | Found a runed translucent gate.
  7456 | D:7      | Found a runed translucent gate.
  7456 | D:7      | Noticed mewnfare's ghost (novice NaTm)
  7465 | D:7      | Identified the +4 scale mail "Zacwaq" {Will++}
  7634 | D:7      | Found a runed translucent gate.
  7657 | D:7      | Learned a level 4 spell: Summon Lightning Spire
  7910 | D:7      | Reached skill level 1 in Air Magic
  8004 | D:7      | Noticed a two-headed ogre
  8010 | D:7      | Reached skill level 5 in Fighting
  8010 | D:7      | Reached XP level 9. HP: 32/40 MP: 8/18
  8038 | D:7      | Killed a two-headed ogre
  8039 | D:7      | Reached skill level 8 in Dodging
  8272 | D:7      | Found a sacrificial altar of Ru.
  8647 | D:7      | HP: 1/40 [electric eel/bolt of electricity (9)]
  9338 | D:8      | Identified the +4 whip "Killer Klown's Doom" {vorpal, rF++
                  | rCorr Int+3}
  9382 | D:8      | Noticed Maggie
  9405 | D:8      | Killed Maggie
  9506 | D:8      | Noticed Grum
  9514 | D:8      | Reached skill level 9 in Dodging
  9515 | D:8      | Reached XP level 10. HP: 37/45 MP: 8/20
  9517 | D:8      | Killed Grum
  9896 | D:9      | Identified the +1 buckler of Zucwid {Str+4}
 10705 | D:9      | Found a staircase to the Orcish Mines.
 11682 | D:10     | Entered Level 10 of the Dungeon
 11686 | D:10     | Noticed a two-headed ogre
 11687 | D:10     | Noticed a gargoyle
 11698 | D:10     | Killed a gargoyle
 11738 | D:9      | Reached skill level 10 in Dodging
 11999 | D:10     | Killed a two-headed ogre
 12000 | D:10     | Reached skill level 5 in Air Magic
 12079 | D:10     | Noticed Fannar
 12099 | D:10     | Killed Fannar
 12100 | D:10     | Reached XP level 11. HP: 50/50 MP: 11/23
 12600 | D:10     | Identified the +6 shortbow of Scorn {elec, rElec}
 12856 | D:10     | Learned a level 2 spell: Blink
 12861 | D:10     | Learned a level 4 spell: Summon Ice Beast
 13025 | D:10     | Noticed a red ugly thing
 13037 | D:10     | Killed a red ugly thing
 13038 | D:10     | Reached skill level 1 in Translocations
 13257 | D:10     | Reached skill level 1 in Ice Magic
 13655 | D:10     | Reached skill level 11 in Dodging
 13739 | D:10     | Found a staircase to the Lair.
 14730 | D:10     | Noticed Sonja
 14740 | D:10     | Killed Sonja
 14815 | D:10     | Found a glowing golden altar of the Shining One.
 15219 | D:11     | Noticed a boulder beetle
 15278 | D:11     | Killed a boulder beetle
 15763 | D:11     | Noticed a two-headed ogre
 15837 | D:11     | Killed a two-headed ogre
 16182 | D:11     | Noticed Gastronok
 16251 | D:11     | Killed Gastronok
 16252 | D:11     | Gained mutation: Your thick and shaggy fur keeps you warm.
                  | (AC +3, rC+) [Felid growth]
 16252 | D:11     | Reached XP level 12. HP: 56/56 MP: 9/25
 16411 | D:11     | Noticed Urug
 16419 | D:11     | Killed Urug
 16766 | Lair:1   | Entered Level 1 of the Lair of Beasts
 16883 | Lair:1   | Reached skill level 10 in Summonings
 16889 | Lair:1   | Reached skill level 12 in Dodging
 17007 | Lair:1   | Noticed a death yak
 17008 | Lair:1   | Noticed a death yak
 17009 | Lair:1   | Noticed a death yak
 17010 | Lair:1   | Noticed a death yak
 17032 | Lair:1   | Killed a death yak
 17036 | Lair:1   | Killed a death yak
 17037 | Lair:1   | Killed a death yak
 17043 | Lair:1   | Killed a death yak
 17857 | Lair:1   | Learned a level 1 spell: Apportation
 18435 | Lair:2   | Reached skill level 13 in Dodging
 18740 | Lair:2   | Reached skill level 10 in Fighting
 19064 | Lair:2   | Noticed a catoblepas
 19373 | Lair:2   | Noticed an eight-headed hydra
 19382 | Lair:2   | Killed an eight-headed hydra
 19483 | Lair:2   | Killed a catoblepas
 19731 | Lair:2   | Reached XP level 13. HP: 62/62 MP: 14/27
 19742 | Lair:2   | Reached skill level 10 in Spellcasting
 20357 | Lair:2   | Found a runed translucent gate.
 20357 | Lair:2   | Found a runed translucent gate.
 20357 | Lair:2   | Found a runed translucent gate.
 20358 | Lair:2   | Noticed Puis's ghost (journeyman DgIE)
 20389 | Lair:2   | Reached skill level 14 in Dodging
 21322 | Lair:3   | Found a staircase to the Shoals.
 21391 | Lair:3   | Reached skill level 15 in Dodging
 21528 | Lair:3   | Found a staircase to the Snake Pit.
 21577 | Lair:3   | Got Faacu's Essays on Filthy Orientation
 22107 | Lair:3   | Learned a level 5 spell: Summon Mana Viper
 22113 | Lair:3   | Learned a level 5 spell: Summon Forest
 22666 | Lair:4   | Reached skill level 16 in Dodging
 22980 | Lair:4   | Found a staircase to the Slime Pits.
 23665 | Lair:5   | Entered Level 5 of the Lair of Beasts
 24826 | Lair:5   | Reached XP level 14. HP: 69/69 MP: 16/29
 25531 | Lair:5   | Mangled by a dire elephant
 25532 | Lair:5   | Reached XP level 13. HP: -9/65 MP: 13/28
 25537 | Lair:5   | Killed a dire elephant
 25566 | Lair:5   | Identified the +11 long sword of Hepliaklqana {speed, rF+
                  | SInv}
 26006 | D:7      | Killed mewnfare's ghost
 26593 | Orc:1    | Entered Level 1 of the Orcish Mines
 26753 | Orc:1    | Found a large runed translucent door.
 26754 | Orc:1    | Found a large runed translucent door.
 26758 | Orc:1    | Noticed Lobster4's ghost (journeyman TrMo)
 26805 | Orc:2    | Entered Level 2 of the Orcish Mines
 26806 | Orc:2    | Shot with an arrow by a centaur
 26807 | Orc:2    | Reached XP level 12. HP: 0/61 MP: 3/27
 26823 | Orc:1    | Noticed Harold
 26823 | Orc:1    | Noticed Nergalle
 27434 | D:12     | Noticed a two-headed ogre
 27445 | D:12     | Killed a two-headed ogre
 27446 | D:12     | Reached skill level 5 in Translocations
 28216 | D:12     | Noticed a two-headed ogre
 28223 | D:12     | Killed a two-headed ogre
 28477 | D:12     | Found a runed translucent door.
 28936 | D:12     | Noticed a boulder beetle
 28947 | D:12     | Killed a boulder beetle
 29350 | D:12     | Noticed an ettin
 29365 | D:12     | Killed an ettin
 29366 | D:12     | Reached XP level 13. HP: 65/65 MP: 10/28
 29416 | D:12     | Noticed a crystal guardian
 29581 | D:12     | Killed a crystal guardian
 30520 | D:13     | Noticed Maurice
 30531 | D:13     | Killed Maurice
 30924 | D:13     | Noticed Jorgrun
 30958 | D:13     | Killed Jorgrun
 30959 | D:13     | Reached skill level 5 in Ice Magic
 31237 | D:13     | Hit by a large rock thrown by a cyclops

Illustrated notes

Levels and vault maps discovered:
D:1:      heliophobic_arrival_ceremonial_halls, layout_rooms,
          dilly_ecumenical_altar_fadedgnrine
D:2:      layout_loops_ring, uniq_terence
D:3:      layout_loops_cross, okawaru_trees_2, gammafunk_temple_overflow_statue
D:4:      layout_rooms, minmay_temple_entry_ruins, serial_shops, shop,
          shop_statue, nicolae_shop_bloodbath_and_beyond, shop,
          minmay_misc_feat_roman
D:5:      cheibrodos_iron_armory, layout_basic,
          nicolae_yredelemnul_ghost_church, kennysheep_little_box,
          skrybe_limestone_x, minmay_increasing_density, uniq_grinder,
          uniq_edmund
D:6:      layout_basic, lemuel_flamethrower_2
D:7:      layout_cave_pools, mainiacjoe_overflow_brackets,
          gammafunk_ghost_nasty_kobolds, serial_bayou_lagoon_a, minivault_27,
          hangedman_decor_points, minmay_microvault, uniq_duvessa
D:8:      layout_cave_pools, uniq_grum, uniq_maggie
D:9:      layout_long_grid, orc_0_dummy
D:10:     minmay_polygon_palace, layout_long_grid, tso_metal_star,
          david_lair_generic, chequers_serial_rivers_large_a, uniq_fannar,
          uniq_sonja
D:11:     layout_roguey, uniq_urug, uniq_gastronok
D:12:     layout_loops_corners, serial_undead, serial_undead_a, serial_undead_e,
          serial_undead_f, serial_undead_e, serial_undead_a, serial_undead_c,
          minivault_13
D:13:     layout_layer_cave, uniq_maurice, uniq_jorgrun
Temple:   regret_index_temple_generic_petals
Lair:1:   layout_layer_cave, dreamdust_wasp_nest
Lair:2:   layout_roguey, gammafunk_ghost_necromancy,
          chequers_serial_rivers_micro_a, roderic_carrion_pond,
          grunt_megastairs_2
Lair:3:   layout_gridlike, shoals_dummy_entry, guppyfry_snake_entry_garden,
          infiniplex_staircase_pool_2, grunt_megastairs_5, lemuel_fruit_tree,
          serial_bayou_shore_b
Lair:4:   layout_layer_cave, slime_entry_1, nicolae_quartered_pool_little,
          minmay_lindwurm_lava
Lair:5:   grunt_lair_end_beastmaster, layout_gridlike, kilobyte_rumbling_trees
Orc:1:    layout_caves, ebering_ghost_disaster_area, uniq_harold, uniq_nergalle
Orc:2:    st_orc_rangers, layout_caves, basic_altar, nicolae_shop_self_help

Skill      XL: |  1  2  3  4  5  6  7  8  9 10 11 12 13 14 |
---------------+-------------------------------------------+-----
Stealth        | 3 4 |  4.0
Dodging        | 3 4 5 6 7 9 10 11 13 16 | 16.9
Fighting       | 1 2 3 5 6 7 8 10 13 | 13.0
Hexes          | 1 2 4 5 8 6 7 |  8.0
Spellcasting   | 3 4 5 6 7 8 9 10 | 10.7
Summonings     | 5 6 7 8 9 10 | 10.8
Air Magic      | 1 3 5 6 7 8 |  8.0
Translocations | 3 5 6 4 |  6.6
Ice Magic      | 3 4 5 |  5.0
Transmutations | |  0.2

Action                   |  1- 3 |  4- 6 |  7- 9 | 10-12 | 13-15 || total
-------------------------+-------+-------+-------+-------+-------++-------
Melee: Unarmed           |    28 |     7 |    11 |    68 |    22 ||   136
       Bite              |     7 |     1 |       |     6 |     4 ||    18
 Cast: Summon Small Mamm |    49 |    25 |    31 |    26 |    13 ||   144
       Call Imp          |    16 |    12 |    16 |    16 |     5 ||    65
       Call Canine Famil |    13 |    18 |    30 |    62 |    25 ||   148
       Summon Guardian G |       |     2 |    23 |    64 |    26 ||   115
       Summon Lightning  |       |       |     7 |   100 |    85 ||   192
       Blink             |       |       |       |     2 |       ||     2
       Summon Ice Beast  |       |       |       |    12 |    12 ||    24
       Summon Mana Viper |       |       |       |    18 |    26 ||    44
       Summon Forest     |       |       |       |     7 |     7 ||    14
Invok: Potion Petition   |       |       |     1 |       |       ||     1
Evoke: Wand              |       |     1 |     1 |    14 |     6 ||    22
       Lightning rod     |       |       |       |       |     1 ||     1
  Use: Scroll            |    10 |     7 |     7 |    10 |     7 ||    41
       Potion            |       |       |     4 |     6 |     2 ||    12
 Stab: Sleeping          |     1 |       |     1 |     1 |       ||     3
       Invisible         |       |       |     1 |       |       ||     1
       Distracted        |       |       |       |     1 |       ||     1
Armor: Skin              |     4 |     1 |       |    13 |     1 ||    19
Dodge: Dodged            |    36 |    23 |    59 |   230 |   137 ||   485

Table legend: (Time is in decaauts)
 A = Elapsed time spent in this place.
 B = Non-inter-level travel time spent in this place.
 C = Inter-level travel time spent in this place.
 D = Time resting spent in this place.
 E = Time spent auto-exploring this place.
 F = Levels seen in this place.
 G = Mean time per level.
                   A        B        C        D        E       F      G
               +--------+--------+--------+--------+--------+-----+--------+
         Total |  28343 |  27448 |    895 |   9525 |  11273 |  21 | 1349.7 |
       Dungeon |  19872 |  19229 |    643 |   6953 |   8096 |  13 | 1528.6 |
        Temple |     46 |     25 |     21 |      0 |     19 |   1 |   46.0 |
          Lair |   8195 |   7964 |    231 |   2571 |   3045 |   5 | 1639.0 |
  Orcish Mines |    229 |    229 |      0 |      0 |    112 |   2 |  114.5 |
               +--------+--------+--------+--------+--------+-----+--------+

Top non-repeatable levels by time:
    D:10: 3206 daAuts
    D:12: 2480 daAuts
     D:9: 2074 daAuts
  Lair:2: 2003 daAuts
  Lair:5: 1958 daAuts
     D:7: 1791 daAuts
  Lair:3: 1692 daAuts
     D:6: 1602 daAuts
     D:3: 1505 daAuts
  Lair:1: 1477 daAuts
    D:11: 1402 daAuts
    D:13: 1254 daAuts
     D:2: 1097 daAuts
  Lair:4: 1064 daAuts
     D:4: 992 daAuts
